 Dungeon Crawl Stone Soup version 0.18.1-48-g4cf74bf (webtiles) character file.

508 Alarkh the Martial Artist (level 6, -4/44 HPs)
             Began as a Vampire Skald on July 18, 2016.
             Was a Believer of Makhleb.
             Slain by a centaur (8 damage)
             ... on level 5 of the Dungeon.
             The game lasted 00:09:34 (3819 turns).

Alarkh the Martial Artist (Vampire Skald)           Turns: 3819, Time: 00:09:35

Health: -4/44      AC:  8    Str: 11    XL:     6   Next: 98%
Magic:  7/9        EV: 11    Int: 17    God:    Makhleb [**....]
Gold:   171        SH:  0    Dex: 13    Spells: 3 memorised, 3 levels left

rFire  . . .     SeeInvis +       - Unarmed
rCold  . . .     Gourm    .     a - +1 leather armour
rNeg   . . .     Faith    .     (no shield)
rPois  +         Spirit   .     u - +0 helmet
rElec  .         Dismiss  .     (no cloak)
rCorr  .         Reflect  .     (no gloves)
SustAt .         Harm     .     j - +2 pair of boots {run}
MR     .....                    (no amulet)
Stlth  +.........               s - ring of poison resistance
                                n - ring of flight

@: infused, very slightly contaminated, regenerating very quickly, invisible,
quick, not resistant to hostile enchantments, very unstealthy
A: fangs 3, see invisible, unbreathing
a: Minor Destruction, Renounce Religion, Evoke Flight


You were on level 5 of the Dungeon.
You worshipped Makhleb.
Makhleb was pleased with you.
You were almost alive.

You visited 1 branch of the dungeon, and saw 5 of its levels.
You also visited: Sewer.

You collected 171 gold pieces.

Inventory:

Missiles
 t - a throwing net (quivered)
Armour
 a - a +1 leather armour (worn)
 h - a +0 pair of boots
 j - a +2 pair of boots of running (worn)
 u - a +0 helmet (worn)
Jewellery
 k - an uncursed ring of ice
 n - a ring of flight (left hand)
 s - a ring of poison resistance (right hand)
Wands
 m - a wand of confusion (10/48)
Scrolls
 e - 2 scrolls of teleportation
 i - 3 scrolls of remove curse
 l - 2 scrolls of amnesia
 o - a scroll of fear
 q - a scroll of enchant weapon {unknown}
Potions
 c - 23 potions of blood
 f - 3 potions of brilliance
 p - a potion of curing {unknown}
 r - 3 potions of magic
 v - 2 potions of flight {unknown}
Books
 b - a book of Battle

   Spells                             Type                      Level
   a - Infusion                       Charms                       1
   b - Shroud of Golubria             Charms/Translocation         2
   c - Song of Slaying                Charms                       2
   d - Spectral Weapon                Hexes/Charms                 3
   e - Regeneration                   Charms/Necromancy            3


   Skills:
 - Level 1.7 Fighting
 - Level 0.7 Armour
 - Level 1.1 Dodging
 * Level 8.3 Unarmed Combat
 - Level 2.0 Spellcasting
 - Level 3.2 Charms


You had 3 spell levels left.
You knew the following spells:

 Your Spells              Type           Power        Failure   Level  Hunger
a - Infusion              Chrm           ##..         10%         1    #......
b - Shroud of Golubria    Chrm/Tloc      #.........   21%         2    ###....
c - Regeneration          Chrm/Necr      #.........   38%         3    ###....


Dungeon Overview and Level Annotations

Branches:
Dungeon (5/15)
 Temple: D:4-7

Altars:
Elyvilon
Makhleb
Vehumet
Xom

Annotations:
D:5 Xiguana's ghost, novice MiBe


Innate Abilities, Weirdness & Mutations

Your natural rate of healing is extremely fast.
You have razor-sharp teeth.
You have supernaturally acute eyesight.
You can survive without breathing.


Message History

Confirm with . or Enter, or press ? or * to list all spells.
You begin infusing your attacks with magical energy.
The centaur shoots an arrow.
The arrow barely misses you.
Unknown command.
The centaur shoots an arrow.
The arrow hits you. The arrow burns you.
You hear a shout!
You see here 2 arrows.
You are too injured to fight recklessly!
You hit the centaur.
The centaur is moderately wounded.
You hear a shout!
The centaur unwields an uncursed shortbow of flaming.
It stops flaming.
The centaur hits you.
* * * LOW HITPOINT WARNING * * *
The orc priest hits you with a flail!
* * * LOW HITPOINT WARNING * * *
Drink which item? (? for menu, Esc to quit)
It was a potion of cure mutation.
It has a very clean taste.
The centaur hits you!
You die...

#.#.. #.#.# .#.....
#.#.###c#.....
#.#o#...#....
#.#.#......##.
#.#>#..###....
#.#.#..#)#..#
#(#.#..###..#
#@#(##(.....#
#co...........
#....######### #....##.
.#####....##.#########
...........#...#.....#
.#####.....###.#.###.#
..######..............#
######
.>.....'...####.#.#####


You could see a centaur and an orc priest.

Vanquished Creatures
  A crimson imp (D:4)
  A hound (D:4)
  2 orc priests
  2 orc wizards (D:4)
  A giant frog skeleton (D:4)
  Ijyb (D:3)
  A worker ant (D:4)
  Robin (D:4)
  A howler monkey zombie (D:3)
  3 gnolls (D:4)
  4 adders
  4 river rats
  An adder skeleton (D:4)
  A worm (D:4)
  4 dart slugs
  4 giant geckos
  13 orcs
  2 giant cockroaches
  18 goblins
  5 hobgoblins
  5 jackals (D:4)
  2 quokkas
  7 ball pythons (Sewer)
  10 bats
  2 giant newts
  5 kobolds
  A quokka skeleton (D:4)
  9 rats
111 creatures vanquished.

Notes
Turn   | Place    | Note
--------------------------------------------------------------
     0 | D:1      | Alarkh the Vampire Skald began the quest for the Orb.
     0 | D:1      | Reached XP level 1. HP: 16/16 MP: 3/3
   356 | D:1      | Reached skill level 3 in Unarmed Combat
   356 | D:1      | Reached XP level 2. HP: 18/22 MP: 0/5
   910 | D:2      | Found a white marble altar of Elyvilon.
   985 | D:2      | Reached XP level 3. HP: 26/27 MP: 2/6
  1102 | D:2      | Reached skill level 4 in Unarmed Combat
  1521 | D:3      | Noticed Ijyb
  1548 | D:3      | Killed Ijyb
  1548 | D:3      | Reached skill level 5 in Unarmed Combat
  1548 | D:3      | Reached XP level 4. HP: 21/33 MP: 5/7
  2169 | D:4      | Reached XP level 5. HP: 38/38 MP: 8/8
  2228 | D:4      | Reached skill level 6 in Unarmed Combat
  2231 | D:4      | Found a radiant altar of Vehumet.
  2284 | D:4      | Found a radiant altar of Vehumet.
  2285 | D:4      | Found a burning altar of Makhleb.
  2304 | D:4      | Became a worshipper of Makhleb the Destroyer
  2399 | D:4      | Reached skill level 7 in Unarmed Combat
  2399 | D:4      | Reached XP level 6. HP: 41/44 MP: 6/9
  2405 | D:4      | Found a glowing drain.
  2409 | Sewer    | Entered a sewer
  2481 | Sewer    | Reached * piety under Makhleb
  3080 | D:4      | Reached skill level 8 in Unarmed Combat
  3083 | D:4      | Reached ** piety under Makhleb
  3109 | D:4      | Noticed Robin
  3146 | D:4      | Killed Robin
  3600 | D:5      | Entered Level 5 of the Dungeon
  3605 | D:5      | Found a shimmering altar of Xom.
  3625 | D:5      | Noticed Xiguana's ghost (novice MiBe)
  3625 | D:5      | Identified a +2 pair of boots of running (You found it on level 5 of the Dungeon)
  3649 | D:4      | Learned a level 2 spell: Shroud of Golubria
  3653 | D:4      | Learned a level 3 spell: Regeneration
  3819 | D:5      | Slain by a centaur

Skill      XL: |  1  2  3  4  5  6 |
---------------+-------------------+-----
Unarmed Combat | 3 5 7 8 |  8.3
Fighting       | |  1.7
Armour         | |  0.7
Dodging        | |  1.1
Spellcasting   | |  2.0
Charms         | |  3.2

Action                   |  1- 3 |  4- 6 || total
-------------------------+-------+-------++-------
Melee: Unarmed           |   117 |   279 ||   396
       Bite              |    10 |    20 ||    30
       Punch             |     1 |     2 ||     3
 Cast: Infusion          |     9 |    22 ||    31
       Regeneration      |       |     1 ||     1
       Shroud of Golubri |       |     1 ||     1
  Use: Scroll            |     5 |     8 ||    13
       Potion            |    10 |    16 ||    26
 Stab: Sleeping          |     2 |     1 ||     3
Armor: Leather armour    |    49 |    86 ||   135
Dodge: Dodged            |    83 |   148 ||   231
